 Dungeon Crawl Stone Soup version 0.23-a0-169-gb21e695 (webtiles) character file.

81 Inarius the Skirmisher (level 4, 0/35 HPs)
             Began as a Demonspawn Fighter on Sept 11, 2018.
             Succumbed to an adder's poison
             ... on level 2 of the Dungeon.
             The game lasted 00:04:18 (890 turns).

Inarius the Skirmisher (Demonspawn Fighter)          Turns: 890, Time: 00:04:19

Health: 0/35       AC:  6    Str: 18    XL:     4   Next: 19%
Magic:  4/4        EV:  7    Int:  9    God:
Gold:   53         SH:  9    Dex: 12    Spells: 3/3 levels left

rFire    . . .     SeeInvis .   a - +0 war axe
rCold    . . .     Gourm    .   c - +0 shield
rNeg     . . .     Faith    .   b - +0 scale mail
rPois    .         Spirit   .   (helmet restricted)
rElec    .         Reflect  .   (no cloak)
rCorr    .         Harm     .   (no gloves)
MR       .....                  (no boots)
Stlth    ..........             (no amulet)
HPRegen  0.11/turn              (no ring)
MPRegen  0.09/turn              (no ring)

@: lethally poisoned (0 -> -2)
A: horns 1
a: no special abilities


You were on level 2 of the Dungeon.
You were not hungry.

You visited 1 branch of the dungeon, and saw 2 of its levels.

You collected 53 gold pieces.

Inventory:

Hand Weapons
 a - a +0 war axe (weapon)
Armour
 b - a +0 scale mail (worn)
 c - a +0 shield (worn)
Scrolls
 e - 3 scrolls of identify
 h - a scroll of noise
 i - a scroll of remove curse {unknown}
 k - a scroll of fog {unknown}
Potions
 d - a potion of might
Comestibles
 f - 5 rations
 j - 4 chunks of flesh


   Skills:
 + Level 3.4 Fighting
 + Level 2.9 Axes
 + Level 3.1 Armour
 + Level 0.5 Dodging
 + Level 3.1 Shields


You had 3 spell levels left.
You didn't know any spells.
Your spell library was empty.

Dungeon Overview and Level Annotations

Branches:
Dungeon (2/15)

Altars:


Innate Abilities, Weirdness & Mutations

You have a pair of small horns on your head.


Message History

It was a potion of magic.
Magic courses through your body. You block the frilled lizard's attack.
You hit the frilled lizard.
You kill the frilled lizard!
* * * LOW HITPOINT WARNING * * *
You feel sick.
You see here a club.
You aren't carrying any pieces of jewellery.
Unknown command.
Unknown command.
As you read the scroll labeled PYROSHR TETAI, it crumbles to dust.
It is a scroll of identify.
h - a scroll of noise
* * * LOW HITPOINT WARNING * * *
You feel sick.
Okay, then.
Unknown command.
* * * LOW HITPOINT WARNING * * *
You feel sick.
You die...

#########
#.†.....%
#.#
##########@#
#..........#
#.##########
#.# #.# #.#
#.# #.# #.#


There were no monsters in sight!

Vanquished Creatures
  3 adders (D:2)
  3 dart slugs (D:1)
  2 leopard geckos (D:1)
  5 bats
  A giant cockroach (D:1)
  3 goblins (D:1)
  5 hobgoblins
  4 jackals (D:2)
  A quokka (D:2)
  3 frilled lizards
  8 kobolds
  5 rats
43 creatures vanquished.

Notes
Turn   | Place    | Note
-------+----------+-------------------------------------------
     0 | D:1      | Inarius the Demonspawn Fighter began the quest for the Orb.
     0 | D:1      | Reached XP level 1. HP: 18/18 MP: 1/1
    98 | D:1      | Gained mutation: You have a pair of small horns on your
                  | head. [demonic ancestry]
    98 | D:1      | Reached XP level 2. HP: 23/24 MP: 2/2
   239 | D:1      | Reached XP level 3. HP: 16/29 MP: 3/3
   860 | D:2      | Reached XP level 4. HP: 26/35 MP: 4/4
   882 | D:2      | HP: 1/35 [poisoned by an adder]
   890 | D:2      | Succumbed to an adder's poison

Vault maps used:
D:1:      elethiomel_arrival_quiet
D:2:      nicolae_overflow_crystal_walls

Skill      XL: |  1  2 |
---------------+-------+-----
Armour         | 3 |  3.1
Shields        | 3 |  3.1
Axes           | 2 |  2.9
Fighting       | |  3.4
Dodging        | |  0.5

Action                   |  1- 3 |  4- 6 || total
-------------------------+-------+-------++-------
Melee: War axe           |   102 |    18 ||   120
       Headbutt          |    10 |     3 ||    13
  Use: Scroll            |       |     1 ||     1
       Potion            |       |     1 ||     1
Armor: Scale mail        |    61 |     7 ||    68
Dodge: Dodged            |    38 |     5 ||    43
Block: Shield            |    71 |     6 ||    77

Table legend:
 A = Non-vault XP
 B = Vault XP
 C = Vault XP percentage of total XP
 D = Non-vault monster count
 E = Vault monster count
 F = Vault count percentage of total count
                 A         B        C        D         E       F
            +---------+---------+-------+---------+---------+-------
      Total |     116 |       0 |   0.0 |      43 |       0 |   0.0
            +---------+---------+-------+---------+---------+-------
        D:1 |      57 |       0 |   0.0 |      30 |       0 |   0.0
        D:2 |      59 |       0 |   0.0 |      13 |       0 |   0.0
            +---------+---------+-------+---------+---------+-------
